[Event "*** Titled Tuesday Blitz"]
[Site "Chess.com"]
[Date "2021.04.06"]
[Round "4"]
[White "ChessWarrior7197"]
[Black "Kildepiotr"]
[Result "0-1"]
[WhiteElo "2906"]
[BlackElo "2668"]
[TimeControl "180+1"]
[EndTime "10:40:24 PDT"]
[Termination "Kildepiotr won by checkmate"]

1. e4 g6 2. d4 Bg7 3. Nc3 c6 4. Nf3 d6 5. h3 Nf6 6. Bd3 O-O 7.
O-O Nbd7 8. a4 e5 9. dxe5 Nxe5 10. Nxe5 dxe5 11. a5 Be6 12. Be3 Nd7 13. Qe2 b5 14.
axb6 axb6 15. Bc4 Qe7 16. Bxe6 Qxe6 17. Ra6 Rfb8 18. Rfa1 Rxa6 19. Qxa6 Bf8 20. Qa7 Qe8 21. Rd1 Nc5 22. h4 h5 23. g3 Rb7 24. Qa2 Rd7 25.
Rxd7 Qxd7 26. Qa8 Kg7 27. Qb8 Bd6 28. Qxb6 Ne6 29. Ne2 Bc7 30. Qa6 Qd1+ 31. Kh2 Qxc2 32. Nc3 Nd4 33. Qa7 Qxb2 34. Qxc7 Nf3+ 35. Kg2 Ne1+ 36. Kf1 Qxc3 37. Qb8 Nd3 38. Qd8 Qe1+ 39. Kg2 Qe2 40. Kg1 Qe1+ 41. Kg2 Qe2 42. Bh6+ Kh7 43.
Be3 Ne1+ 44. Kg1 Nf3+ 45. Kg2 Ne1+ 46. Kg1 Qf3 47. Kf1 Nc2 48. Bg5 Nd4 49. Kg1 Ne2+ 50.
Kf1 Nxg3+ 51. Kg1 Qh1# 0-1

[Event "*** Titled Tuesday Blitz"]
[Site "Chess.com"]
[Date "2021.04.06"]
[Round "4"]
[White "blitzking1729"]
[Black "IljaJoke"]
[Result "1-0"]
[WhiteElo "2622"]
[BlackElo "2484"]
[TimeControl "180+1"]
[EndTime "10:40:24 PDT"]
[Termination "blitzking1729 won on time"]

1. Nf3 d5 2. c4 e6 3. b3 c5 4. Bb2 d4 5. e3 Nc6 6. g3 Nf6 7. Bg2 e5 8. exd4 exd4 9. O-O Be7 10. d3 O-O 11. Na3 h6 12. Nc2 Bf5 13. b4 cxb4 14. Nfxd4 Nxd4 15. Nxd4 Bg4 16. Bf3 Qd7 17. Nb3 Bh3 18. Re1 Rad8 19. d4 b6 20. d5 a5 21.
Nd4 Bc5 22. Nc6 Rde8 23. Bxf6 gxf6 24. Qd2 Qf5 25. Bg2 Bg4 26. Nd4 Qh5 27. Qf4 Kg7 28. Bf3 Bxf3 29. Nxf3 a4 30. Kg2 b3 31. axb3 axb3 32.
Rab1 Rxe1 33. Nxe1 Re8 34. Nd3 Qg6 35. Rxb3 Qe4+ 36.
Qxe4 Rxe4 37. Rc3 Kf8 38. Kf3 Rd4 39. Nf4 Ke7 40. Rc2 Kd6 41. h4 Rd1 42. h5 Rd4 43.
Ng2 Rd3+ 44. Ke2 Ra3 45. Nh4 b5 46. Nf5+ Ke5 47. Nxh6 bxc4 48. Nxf7+ Kxd5 49. h6 Ra8 50.
h7 1-0

[Event "*** Titled Tuesday Blitz"]
[Site "Chess.com"]
[Date "2021.04.06"]
[Round "4"]
[White "dropstoneDP"]
[Black "AlphaHero0"]
[Result "1-0"]
[WhiteElo "2941"]
[BlackElo "2095"]
[TimeControl "180+1"]
[EndTime "10:40:25 PDT"]
[Termination "dropstoneDP won on time"]

1. f4 Nc6 2. Nf3 d6 3. d4 Bf5 4. d5 Nb8 5. Nd4 Bg4 6. h3 Bd7 7. e4 e5 8. Nf3 Be7 9. fxe5 Bh4+ 10. Ke2 dxe5 11. Nc3 Bg3 12. Qd3 Na6 13. Be3 Nf6 14. Kd2 Nh5 15. Ne2 Qe7 16. Rd1 Nc5 17. Qc4 b6 18.
Kc1 Bf4 19. Nxf4 exf4 20. Bxc5 bxc5 21. Bd3 Rb8 22. e5 Rb4 23. Qc3 Ng3 24. Rhe1 O-O 25. b3 Nf5 26. e6 fxe6 27. dxe6 Bc8 28. Bxf5 Rxf5 29. Ne5 Bxe6 30. Nc6 Qf6 31. Qxf6 Rxf6 32.
Nxb4 cxb4 33. Rd4 c5 34. Rd6 Kf7 35. Re5 h6 36. Ra6 g5 37. Rxc5 Kg6 38. Re5 Bf5 39.
Rxa7 Rd6 40. Raa5 Bd7 41. Rad5 Rxd5 42. Rxd5 Bc6 43. Rd6+ 1-0

[Event "*** Titled Tuesday Blitz"]
[Site "Chess.com"]
[Date "2021.04.06"]
[Round "4"]
[White "Balla_Tamas"]
[Black "TeukkaSalama"]
[Result "1-0"]
[WhiteElo "2552"]
[BlackElo "2379"]
[TimeControl "180+1"]
[EndTime "10:40:25 PDT"]
[Termination "Balla_Tamas won on time"]

1. e4 e5 2. Nf3 Nc6 3. d4 exd4 4. Nxd4 Nf6 5. Nxc6 bxc6 6. e5 Qe7 7. Qe2 Nd5 8. c4 Nb6 9. Nd2 Ba6 10. b3 Qe6 11.
Bb2 Bb4 12. O-O-O O-O-O 13. Qe3 Rhe8 14. Bd3 g6 15. a3 Bxd2+ 16. Qxd2 d6 17. Qa5 Bb7 18.
Rhe1 Qg4 19. Qxa7 dxe5 20. a4 e4 21. Be2 Qf4+ 22. Kb1 Rxd1+ 23. Bxd1 Qd2 24. Rh1 c5 25. a5 Nd7 26. Bc2 e3 27. fxe3 Rxe3 28. Bc1 Qxg2 29.
Rd1 Be4 30. Qa6+ Kd8 31. Rd2 Rxb3+ 32. Ka2 Qf3 33. Bxb3 Qc3 34. Rxd7+ Kxd7 35. Bb2 Qe1 36. Qb5+ Bc6 37. Qxc5 f5 38. Qd4+ Kc8 39. Qh8+ Kb7 40.
Qe5 Qg1 41. Qg3 Qc5 42. Qc3 Qd6 43. Ba3 Kc8 44. Bxd6 cxd6 45. Qf6 Kc7 46. a6 Kd7 47. Qg7+ 1-0

[Event "*** Titled Tuesday Blitz"]
[Site "Chess.com"]
[Date "2021.04.06"]
[Round "4"]
[White "kidagent"]
[Black "DamianoLew95"]
[Result "0-1"]
[WhiteElo "2327"]
[BlackElo "2552"]
[TimeControl "180+1"]
[EndTime "10:40:25 PDT"]
[Termination "DamianoLew95 won on time"]

1. e4 c5 2. Nf3 d6 3. d4 cxd4 4.
Nxd4 Nf6 5. Nc3 Nc6 6. Bg5 e6 7. Qd2 a6 8. O-O-O Bd7 9. g3 Be7 10. Bg2 Qc7 11. Rhe1 Ne5 12. Kb1 Nc4 13. Qd3 Rc8 14. f4 h6 15. Bh4 b5 16. Nd5 exd5 17. exd5 Kf8 18. Re2 Re8 19. Rde1 Bd8 20. Ne6+ fxe6 21.
dxe6 Bc6 22. Bxc6 Qxc6 23. Qg6 Re7 24. g4 Qe8 25. Qd3 Nxg4 26. Bxe7+ Bxe7 27. Qf5+ Nf6 28. Rg1 Qh5 29. Qxh5 Nxh5 30. b3 Nb6 31. c4 g5 32.
f5 Nf6 33. cxb5 axb5 34. Rc1 Kg7 35. Rc7 Nbd5 36. Rb7 Rc8 37. Rd2 h5 38. a4 bxa4 39. bxa4 Ra8 40. Rd4 g4 41. Ka2 h4 42. Kb3 g3 43. hxg3 hxg3 44. Rd3 Ne4 45. Rxd5 Kf6 46. Rd1 Rg8 47. Rb4 Nc5+ 48. Kc4 g2 0-1

[Event "*** Titled Tuesday Blitz"]
[Site "Chess.com"]
[Date "2021.04.06"]
[Round "4"]
[White "Genghis_K"]
[Black "Abund"]
[Result "1/2-1/2"]
[WhiteElo "2937"]
[BlackElo "2749"]
[TimeControl "180+1"]
[EndTime "10:40:26 PDT"]
[Termination "Game drawn - insufficient material"]

1. e4 c5 2. Nf3 d6 3. d4 cxd4 4. Nxd4 Nf6 5. Nc3 a6 6. a3 e5 7. Nf5 d5 8. Bg5 d4 9. Bxf6 gxf6 10. Na2 Bxf5 11. exf5 Qd5 12. Qd3 Nd7 13. Nc3 Qa5 14. Rd1 Rd8 15. b4 Bxb4 16. axb4 Qxb4 17. Rb1 Qa5 18.
h4 Nc5 19. Qc4 Qxc3+ 20. Qxc3 dxc3 21. Rh3 Ke7 22. Rxc3 Rc8 23. Be2 Rhd8 24. g4 h6 25. Rb6 Rc7 26. f4 exf4 27. Rb4 Rdc8 28. Rxf4 Nd7 29.
Re3+ Kf8 30. Rb4 b5 31. Rd4 Ne5 32. Rd6 Rc6 33. Rxc6 Rxc6 34. Kd2 Nc4+ 35. Bxc4 Rxc4 36. Ra3 Ra4 37. Rxa4 bxa4 38. Kc3 Ke7 39. Kb4 a3 40.
Kxa3 Kd6 41. Kb4 Kc6 42. h5 Kb6 43. Kc4 Kc6 44. Kb4 Kb6 45. Ka4 a5 46. c3 Ka6 47.
Ka3 Kb5 48. Kb3 Kc5 49. Ka4 Kc4 50. Kxa5 Kxc3 51. Kb5 Kd4 52. Kc6 Ke5 53. Kd7 Kf4 54.
Ke7 Kxg4 55. Kxf6 Kf4 56. Kg7 Kxf5 57. Kxh6 Kg4 58. Kg7 Kxh5 59. Kxf7 1/2-1/2

[Event "*** Titled Tuesday Blitz"]
[Site "Chess.com"]
[Date "2021.04.06"]
[Round "4"]
[White "kuli4ik"]
[Black "ShapkinAnatoliy"]
[Result "1-0"]
[WhiteElo "2875"]
[BlackElo "2677"]
[TimeControl "180+1"]
[EndTime "10:40:26 PDT"]
[Termination "kuli4ik won by resignation"]

1. Nf3 Nf6 2. g3 g6 3. b3 Bg7 4. Bb2 O-O 5. Bg2 c5 6. c4 Nc6 7. O-O d6 8. d4 Ne4 9. e3 Bf5 10.
Qe2 cxd4 11. Nxd4 Nxd4 12. Bxd4 Bxd4 13. exd4 d5 14. cxd5 Qxd5 15. g4 Qxd4 16. gxf5 Qxa1 17. Bxe4 Rad8 18. Na3 Qe5 19. Nc4 Qf4 20. fxg6 hxg6 21. Bxb7 Rd4 22. Qxe7 Rfd8 23. Ne3 R4d7 24. Qe4 Qg5+ 25.
Qg2 Qa5 26. a4 Kg7 27. Be4 Qc3 28. Bd5 Qe5 29. Bc4 Rd4 30. h3 Rh8 31. Re1 Rdh4 32. Qg3 Qxg3+ 33. fxg3 Rxh3 34. Nf1 a5 35. Re7 Rf8 36.
Ra7 Rh5 37. Bb5 Re5 38. Rxa5 Rd8 39. Ra7 Rd1 40. Bc4 Rf5 41. a5 Ra1 42. a6 Kh6 43.
Rd7 Kg5 44. Rd2 Kg4 45. Kg2 Re1 46. Nh2+ Kh5 47. g4+ Kh4 1-0

[Event "*** Titled Tuesday Blitz"]
[Site "Chess.com"]
[Date "2021.04.06"]
[Round "4"]
[White "ymoy"]
[Black "DinaBelenkaya"]
[Result "1-0"]
[WhiteElo "2701"]
[BlackElo "2352"]
[TimeControl "180+1"]
[EndTime "10:40:26 PDT"]
[Termination "ymoy won by resignation"]

1. e4 d5 2. exd5 Qxd5 3. Nc3 Qa5 4. d4 c6 5. Nf3 Nf6 6. Bc4 Bf5 7. Bd2 Qb6 8. O-O e6 9. Re1 Be7 10. Be3 Qc7 11. Ne5 Nbd7 12. Bf4 Qb6 13. Bb3 O-O 14. Nc4 Qd8 15. Qd2 Nb6 16. Ne5 a5 17. a3 a4 18. Ba2 Nbd5 19. Nxd5 cxd5 20. f3 Nd7 21. Nd3 Rc8 22. c3 Nb6 23. g4 Bg6 24. Ne5 Bh4 25. Re2 Nd7 26. Nxg6 hxg6 27. g5 Rc6 28.
Bb1 Qb6 29. Kg2 Re8 30. Kh3 e5 31. Kxh4 Qd8 32. Bg3 e4 33. fxe4 dxe4 34. Rxe4 Rce6 35.
Rxe6 Rxe6 36. Bd3 Qe8 37. Re1 f6 38. Bc4 fxg5+ 39. Qxg5 Nf8 40. Rxe6 Nxe6 41. Qe5 Qd8+ 42.
Kh3 Kh7 43. Qxe6 Qg5 44. Bd3 Qh5+ 45. Kg2 Qg5 46. Qxg6+ Qxg6 47. Bxg6+ Kxg6 48. Kf3 Kf5 49. Ke3 Ke6 50. Kd3 Kd5 51. c4+ Kc6 52. Kc3 b5 53.
cxb5+ Kxb5 54. d5 Kc5 55. d6 Kc6 56. Kb4 Kd7 57. Kxa4 Kc8 58. Kb3 Kb7 59. Kc3 Kb6 60.
Kd4 Kb5 61. Kd5 Ka4 62. Ke6 g5 63. d7 g4 64. Ke7 Ka5 65. d8=Q+ Ka4 66. Qd4+ Kb3 67.
Qxg4 Ka2 68. a4 1-0

[Event "*** Titled Tuesday Blitz"]
[Site "Chess.com"]
[Date "2021.04.06"]
[Round "4"]
[White "ahmad_alkhatib11"]
[Black "pfalcon1949"]
[Result "1-0"]
[WhiteElo "2290"]
[BlackElo "1992"]
[TimeControl "180+1"]
[EndTime "10:40:26 PDT"]
[Termination "ahmad_alkhatib11 won on time"]

1. Nf3 c5 2. g3 Nc6 3. Bg2 g6 4. O-O Bg7 5. e4 e5 6. d3 Nge7 7. Nc3 d6 8. Nd2 O-O 9. Nc4 Rb8 10. Nb5 d5 11. exd5 Nxd5 12. Ncd6 Be6 13. Ne4 a6 14. Na3 b6 15. Nc4 h6 16. Re1 Kh7 17. a4 b5 18. axb5 axb5 19. Ne3 Qe7 20. Nxd5 Bxd5 21.
Ng5+ hxg5 22. Bxd5 Nd4 23. c3 Nf5 24. Qg4 f6 25. Be4 Nh6 26. Qe2 f5 27. Bg2 Ng4 28.
h3 Nh6 29. Ra6 b4 30. Bd2 bxc3 31. Bxc3 Rbe8 32. Qc2 f4 33. Be4 Rf6 34. Rxf6 Qxf6 35. Qe2 Nf5 36. Qg4 fxg3 37. fxg3 Rf8 38. Rf1 Bh6 39. Kh2 Kg8 40. Rf3 Rf7 41. Rf2 Kg7 42.
Rf3 Kg8 43. Bd5 Ne3 44. Bxf7+ Qxf7 45. Qe4 1-0

[Event "*** Titled Tuesday Blitz"]
[Site "Chess.com"]
[Date "2021.04.06"]
[Round "4"]
[White "fastestmindalive"]
[Black "Isajevsky_Anton"]
[Result "0-1"]
[WhiteElo "2779"]
[BlackElo "2564"]
[TimeControl "180+1"]
[EndTime "10:40:27 PDT"]
[Termination "Isajevsky_Anton won on time"]

1. e4 c5 2. Nf3 d6 3. d4 cxd4 4. Nxd4 Nf6 5. Nc3 a6 6. Bg5 e6 7. f4 Qc7 8. Qe2 b5 9. a3 Nbd7 10. O-O-O Bb7 11. Nf3 Nc5 12. e5 Nfe4 13. Nxe4 Nxe4 14.
Bh4 dxe5 15. Nxe5 Bd6 16. Qh5 O-O 17. Bd3 f5 18. g4 Nc5 19. Rhe1 Rac8 20. c3 Nxd3+ 21.
Rxd3 Be4 22. Rg3 Bxe5 23. fxe5 f4 24. Rxe4 fxg3 25. Bxg3 Qc6 26. Re1 Qg2 27. Qg5 Rf7 28. Qe3 Rd7 29. Qb6 Qd5 30. Qxa6 h6 31. Kb1 Rc4 32. Qb6 Rxg4 33. Qb8+ Kh7 34. Qf8 Qd3+ 35. Ka1 Re4 36. Rc1 Re2 37. Bf4 Qe4 38. Bg3 Rdd2 39. Rb1 b4 40. cxb4 Rxb2 41. Rxb2 Qd4 42. Qf5+ exf5 0-1

[Event "*** Titled Tuesday Blitz"]
[Site "Chess.com"]
[Date "2021.04.06"]
[Round "4"]
[White "PrinceMurad09"]
[Black "Zeeduin"]
[Result "0-1"]
[WhiteElo "2541"]
[BlackElo "2771"]
[TimeControl "180+1"]
[EndTime "10:40:27 PDT"]
[Termination "Zeeduin won by checkmate"]

1. e4 e5 2. Nf3 Nc6 3. d4 exd4 4.
Nxd4 Nf6 5. Nxc6 bxc6 6. Bd3 d5 7. exd5 cxd5 8. O-O c6 9. Re1+ Be7 10. c4 O-O 11.
cxd5 cxd5 12. b3 Bg4 13. f3 Bh5 14. Bb2 Re8 15. Nd2 Bg6 16. Bxg6 hxg6 17. Bd4 Qa5 18. Nf1 Bb4 19. Rxe8+ Rxe8 20. a3 Bc3 21. b4 Qc7 22. Bxc3 Qxc3 23. Qc1 Qd4+ 24. Kh1 g5 25. Ra2 g4 26.
Qd2 Qc4 27. Kg1 gxf3 28. gxf3 d4 29. Rc2 Qb3 30. Rc5 Qxa3 31. Qxd4 Qxf3 32. Rc3 Qh5 33. Rg3 Qh6 34. Ne3 Nh5 35. Rf3 Qg6+ 36. Kf2 Nf6 37. Nf5 Ne4+ 38. Kf1 Ng5 39. Rf2 Qa6+ 40.
Kg2 Qc6+ 41. Kg3 Ne4+ 42. Kh4 Qg6 43. Rg2 Qxg2 44. Ne7+ Rxe7 45. Qd8+ Kh7 46. Qh8+ Kxh8 47. h3 Qg5# 0-1

[Event "*** Titled Tuesday Blitz"]
[Site "Chess.com"]
[Date "2021.04.06"]
[Round "4"]
[White "ama18"]
[Black "rquery98"]
[Result "1-0"]
[WhiteElo "2514"]
[BlackElo "2641"]
[TimeControl "180+1"]
[EndTime "10:40:27 PDT"]
[Termination "ama18 won by resignation"]

1. e4 e5 2. Nf3 Nc6 3. Bb5 a6 4. Ba4 Nge7 5. O-O g6 6. c3 Bg7 7. d4 exd4 8. cxd4 b5 9. Bc2 O-O 10. d5 Na5 11. a4 b4 12. Nbd2 d6 13. Nb3 Nc4 14. Rb1 Rb8 15. Bd3 Ne5 16. Nxe5 dxe5 17. Qe2 Ra8 18. Bd2 a5 19. Rbc1 Bd7 20. Nc5 Be8 21. Rfd1 c6 22. Bc4 cxd5 23. exd5 Nf5 24. Be3 Nd6 25. Bb3 Qe7 26. f3 Kh8 27. Ne4 Nxe4 28.
fxe4 Qh4 29. Bc5 Rg8 30. g3 Qg5 31. Be3 Qd8 32. Qf2 Bd7 33. Bb6 Qe8 34. Rc7 f5 35. exf5 gxf5 36. d6 Rf8 37. Bd5 Rb8 38. Bxa5 f4 39. Qa7 Qg6 40. Rxd7 fxg3 41. hxg3 Qxg3+ 42. Bg2 e4 43. Rxg7 Qxg7 44. Qxg7+ Kxg7 45. d7 e3 46. d8=Q Rbxd8 47. Rxd8 e2 48. Rd7+ Kf6 49. Bxb4 Rb8 50.
Bc3+ Ke6 51. Rd3 Rxb2 52. Re3+ Kd6 53. Bxb2 1-0

[Event "*** Titled Tuesday Blitz"]
[Site "Chess.com"]
[Date "2021.04.06"]
[Round "4"]
[White "Skat2704"]
[Black "PotapovaM"]
[Result "1-0"]
[WhiteElo "2632"]
[BlackElo "2485"]
[TimeControl "180+1"]
[EndTime "10:40:27 PDT"]
[Termination "Skat2704 won by checkmate"]

1. d4 Nf6 2. c4 e6 3. Nf3 d5 4. Nc3 dxc4 5. e3 a6 6. Bxc4 b5 7. Be2 Bb7 8. O-O Nbd7 9. b3 c5 10.
Bb2 Be7 11. a4 b4 12. Nb1 O-O 13. Nbd2 Nd5 14. Nc4 Nc3 15. Bxc3 bxc3 16. Qc2 cxd4 17. Nxd4 Bb4 18. Rfd1 Qf6 19. a5 Nc5 20. Bf3 Bxf3 21.
Nxf3 Rad8 22. Nd4 Qg6 23. Qxg6 hxg6 24. Nc2 Nxb3 25. Nxb4 Nxa1 26. Rxa1 Rb8 27. Nc2 Rfc8 28.
Nb6 Rd8 29. Kf1 Rd2 30. Rc1 e5 31. Nb4 Rbd8 32. Rxc3 Rb2 33. Nd3 Ra2 34. f3 Rxa5 35.
e4 Ra1+ 36. Kf2 f6 37. Nd5 a5 38. Rc7 a4 39. Ra7 a3 40. N3b4 Rb8 41. Kg3 f5 42.
Ne7+ Kh7 43. Nbc6 Rb2 44. Nxe5 a2 45. exf5 g5 46. N7g6 Kh6 47. Ra8 g4 48. Nf7+ Kh5 49. Rh8# 1-0

[Event "*** Titled Tuesday Blitz"]
[Site "Chess.com"]
[Date "2021.04.06"]
[Round "4"]
[White "suyu28"]
[Black "Rytenko_V"]
[Result "1-0"]
[WhiteElo "2596"]
[BlackElo "2381"]
[TimeControl "180+1"]
[EndTime "10:40:27 PDT"]
[Termination "suyu28 won on time"]

1. Nf3 d5 2. e3 c5 3. c4 e6 4. Qc2 Nf6 5. b3 g6 6. Bb2 Bg7 7. cxd5 Qxd5 8. Nc3 Qd8 9. O-O-O Nc6 10. Ne4 O-O 11. Nxf6+ Bxf6 12. Qxc5 Bxb2+ 13. Kxb2 Qf6+ 14. Qc3 e5 15. d4 Bg4 16. dxe5 Nxe5 17. Rd5 Bxf3 18.
Qxe5 Qxe5+ 19. Rxe5 Bc6 20. Bc4 Rfe8 21. Rxe8+ Rxe8 22.
Rg1 Kg7 23. Kc3 f5 24. Kd2 b5 25. Bd3 b4 26. f3 a5 27. Rc1 Re6 28. Rc5 a4 29. Rc4 axb3 30. axb3 Be8 31. Rxb4 Rd6 32. Rd4 Rb6 33. b4 Bf7 34. b5 Kf6 35. Kc3 Ke5 36. Kb4 Be8 37. Bc4 Rb8 38. Rd5+ Kf6 39. Rd6+ Ke7 40.
Re6+ Kd7 41. Ra6 Kc7 42. Ra7+ Kb6 43. Rxh7 Rc8 44. Re7 Rd8 45. Re6+ Kc7 46. b6+ Kb7 47. Bb5 1-0

[Event "*** Titled Tuesday Blitz"]
[Site "Chess.com"]
[Date "2021.04.06"]
[Round "4"]
[White "djano"]
[Black "PushingpawnsNYC"]
[Result "0-1"]
[WhiteElo "2460"]
[BlackElo "2301"]
[TimeControl "180+1"]
[EndTime "10:40:27 PDT"]
[Termination "PushingpawnsNYC won by resignation"]

1. Nc3 d5 2. e4 d4 3. Nce2 c5 4. d3 Nc6 5. g3 e5 6. Bg2 h5 7. h3 Be6 8. f4 f6 9. f5 Bf7 10.
Nf3 Bd6 11. a3 Qc7 12. Bd2 Nge7 13. Qb1 g6 14. fxg6 Bxg6 15. Nh4 O-O-O 16. b4 Rdg8 17. Qb3 Nd8 18. Rb1 Bf7 19. Qa4 c4 20. Qxa7 f5 21. exf5 e4 22. Bf4 Bxf4 23. Nxf4 Rxg3 24.
O-O Rhg8 25. Qxd4 Ndc6 26. Qc5 e3 27. dxc4 Qe5 28. Qxe5 Nxe5 29. c5 Bc4 30. Rfe1 Nd5 31. Nhg6 Nf3+ 32. Kh1 Nxf4 33. Nxf4 Nxe1 34. Rxe1 e2 35.
f6 Rf8 36. Nxh5 Rg5 37. Bf3 Bd5 38. Bxd5 Rxd5 39. Nf4 Rf5 40. Nd3 Rf1+ 41. Kg2 Rxe1 42. Nxe1 Rxf6 43. h4 Rf1 44. Nf3 e1=Q 45. Nxe1 Rxe1 46.
b5 Re5 47. c6 Rxb5 48. cxb7+ Rxb7 49. Kg3 Rc7 50. Kg4 Kd7 51. Kg5 Ke7 0-1

[Event "*** Titled Tuesday Blitz"]
[Site "Chess.com"]
[Date "2021.04.06"]
[Round "4"]
[White "marszach123"]
[Black "if_name_main_a"]
[Result "1-0"]
[WhiteElo "2161"]
[BlackElo "2333"]
[TimeControl "180+1"]
[EndTime "10:40:27 PDT"]
[Termination "marszach123 won by checkmate"]

1. e4 e6 2. d4 d5 3. Nd2 c5 4.
exd5 Qxd5 5. Ngf3 cxd4 6. Bc4 Qd7 7. O-O Nc6 8. Nb3 a6 9. Nbxd4 Nxd4 10. Qxd4 Qxd4 11. Nxd4 Nf6 12. Bb3 Bc5 13. Nf3 b5 14. Bg5 Bb7 15. Rad1 Bxf3 16. gxf3 Ke7 17. Kg2 Rhd8 18.
c4 h6 19. Bh4 Rd4 20. cxb5 axb5 21. Rc1 Rc8 22. Bg3 Nh5 23. Rc2 Nf4+ 24. Bxf4 Rxf4 25. Rfc1 Rf5 26. a3 Rc7 27. Ba2 Kd8 28. Rd1+ Kc8 29. Rcd2 b4 30. a4 Be7 31. Bb1 Ra5 32. b3 Rac5 33.
Bd3 Rc3 34. Bc4 Bg5 35. Rd6 Rc2 36. Kf1 Bh4 37. R1d2 Rxd2 38. Rxd2 Bf6 39. a5 Kb7 40. a6+ Ka7 41. Rd6 Rxc4 42. bxc4 b3 43. c5 b2 44. Rb6 Bd4 45. Ke2 e5 46. Kd3 Bxf2 47. Kc4 Bd4 48.
Rb3 Kxa6 49. c6 Bb6 50. Rxb2 Ka7 51. Kd5 Bc7 52. Rb7+ Ka8 53. Rxc7 e4 54. fxe4 f5 55. exf5 g6 56. fxg6 h5 57. Rh7 h4 58. g7 h3 59.
g8=Q# 1-0

[Event "*** Titled Tuesday Blitz"]
[Site "Chess.com"]
[Date "2021.04.06"]
[Round "4"]
[White "ZEN-22"]
[Black "DarZay"]
[Result "0-1"]
[WhiteElo "2393"]
[BlackElo "2199"]
[TimeControl "180+1"]
[EndTime "10:40:28 PDT"]
[Termination "DarZay won by resignation"]

1. e4 c5 2. d4 cxd4 3. c3 d5 4. exd5 Qxd5 5. cxd4 Nc6 6. Nf3 Bg4 7. Be2 O-O-O 8. Nc3 Qa5 9. O-O e6 10. Be3 Bc5 11. a3 Bxf3 12. b4 Bxe2 13. Qxe2 Bxb4 14. axb4 Qxb4 15. Nb5 a6 16. Rfb1 Qe7 17. d5 Rxd5 18.
Na7+ Nxa7 19. Bxa7 b5 20. Rxa6 Nf6 21. Rc1+ Kb7 22.
Ra5 Qb4 23. Raa1 Rc8 24. Rcb1 Qc4 25. Qf3 Rc6 26. h3 Ra6 27. Be3 Rxa1 28. Rxa1 Qe4 29. Qg3 Qe5 30. Qxg7 Qxa1+ 31. Kh2 Qe5+ 32. f4 Qxe3 33.
Qxf6 Rf5 34. Qe7+ Ka6 35. Qd6+ Qb6 36. Qa3+ Qa5 37. Qd6+ Qb6 38. Qa3+ Kb7 39. Qe7+ Kc6 40. Qe8+ Kc5 41. Qc8+ Qc6 42. Qf8+ Qd6 43. Qc8+ Kd4 44. g3 Qc5 45. Qd7+ Kc3 46. Qd1 Qf2+ 47. Kh1 Qxg3 48. Qc1+ Kb4 49. Qa1 Qf3+ 50. Kg1 Rxf4 51. Qb1+ Ka5 52. Qe1+ b4 53. Qe5+ Ka4 54. Qa1+ Qa3 55.
Qd1+ Qb3 56. Qd7+ Ka3 57. Qa7+ Kb2 58. Qf2+ Rxf2 59. Kxf2 Qxh3 0-1

[Event "*** Titled Tuesday Blitz"]
[Site "Chess.com"]
[Date "2021.04.06"]
[Round "4"]
[White "2346PL"]
[Black "Leonid_Starozhilov"]
[Result "1/2-1/2"]
[WhiteElo "2492"]
[BlackElo "2723"]
[TimeControl "180+1"]
[EndTime "10:40:31 PDT"]
[Termination "Game drawn by repetition"]

1. d4 Nf6 2. Nc3 d5 3. Bf4 c6 4. e3 Bf5 5. f3 h5 6. Bd3 e6 7. Nge2 Qb6 8. Qd2 Bxd3 9. cxd3 Nbd7 10. O-O h4 11. h3 Be7 12. a3 c5 13. Na4 Qb5 14.
Nxc5 Nxc5 15. dxc5 Bxc5 16. b4 Bb6 17. Rac1 Nh5 18.
Bd6 Qd7 19. Bc5 Bc7 20. f4 Nf6 21. Qb2 Bd6 22. Nd4 Bxc5 23. Rxc5 O-O 24. Qf2 b6 25.
Rc3 Rac8 26. Rfc1 Rxc3 27. Rxc3 Rc8 28. Qc2 Rxc3 29. Qxc3 Qa4 30. Qb3 Qxb3 31. Nxb3 Nd7 32. Nd4 Kf8 33. Nf3 a5 34. Kf2 axb4 35. axb4 Nb8 36.
Nd4 Ke7 37. e4 dxe4 38. dxe4 f6 39. Ke3 Na6 40. Nc2 Kd6 41. Kd4 e5+ 42. fxe5+ fxe5+ 43. Kc4 Nc7 44. Ne3 b5+ 45. Kd3 g6 46. Ng4 Ne6 47.
Ne3 Nf4+ 48. Kc3 Ke6 49. Kd2 Kd6 50. Kc3 Ke6 51. Kd2 Kd6 52. Kc3 1/2-1/2

[Event "*** Titled Tuesday Blitz"]
[Site "Chess.com"]
[Date "2021.04.06"]
[Round "4"]
[White "Trickov"]
[Black "Nachsueb"]
[Result "0-1"]
[WhiteElo "2396"]
[BlackElo "2208"]
[TimeControl "180+1"]
[EndTime "10:40:31 PDT"]
[Termination "Nachsueb won on time"]

1. d4 Nf6 2. Nf3 e6 3. g3 d5 4. Bg2 Be7 5. c4 O-O 6. O-O dxc4 7. Na3 Bxa3 8. bxa3 c5 9. dxc5 Qc7 10. Qa4 Nbd7 11. Qxc4 Qxc5 12. Qb4 a5 13. Qb3 a4 14. Qb2 Ra6 15. Be3 Qh5 16. h3 Nd5 17. Bd4 N7b6 18. e4 Nc4 19. Qb5 Nd6 20. Qe2 Ne7 21. Rfd1 Nb5 22.
Bb2 Nc6 23. Rac1 Nc7 24. g4 Qb5 25. Bf1 Qxe2 26. Bxe2 Rb6 27. Bc3 Nb5 28. Bb2 f6 29. Rb1 Nc7 30. Bc3 Rxb1 31. Rxb1 e5 32. Bc4+ Be6 33.
Bxe6+ Nxe6 34. Rxb7 Rd8 35. Rb6 Rd1+ 36. Kh2 Ncd4 37.
Bxd4 Nxd4 38. Nxd4 Rxd4 39. Rb4 Rd2 40. Kg3 Rd3+ 41.
f3 Rxa3 42. Rb2 Kf7 43. h4 Ke6 44. h5 h6 45. Rb7 Rxa2 46. Rxg7 Ra1 47. Rh7 a3 48.
Rxh6 a2 49. Rh8 Rg1+ 50. Kf2 a1=Q 0-1

[Event "*** Titled Tuesday Blitz"]
[Site "Chess.com"]
[Date "2021.04.06"]
[Round "4"]
[White "krasavetc"]
[Black "FoggyMorning"]
[Result "1-0"]
[WhiteElo "2382"]
[BlackElo "2578"]
[TimeControl "180+1"]
[EndTime "10:40:32 PDT"]
[Termination "krasavetc won by checkmate"]

1. e4 c5 2. Nf3 d6 3. Bb5+ Nc6 4. O-O Bd7 5. Re1 Nf6 6. c3 a6 7. Bf1 Bg4 8. h3 Bxf3 9. Qxf3 e6 10. d3 Be7 11.
Be3 O-O 12. Nd2 d5 13. Bf4 b5 14. Qe2 Re8 15. Nf3 c4 16. e5 cxd3 17. Qxd3 Ne4 18.
Nd4 Qb6 19. Rad1 Bc5 20. g3 g5 21. Bxg5 Nxg5 22. f3 Bxd4+ 23. cxd4 Nxd4 24. Kg2 Ndxf3 25. Re3 d4 26. Rxf3 Qc6 27. Be2 Rac8 28. Rd2 Red8 29. h4 Nxf3 30. Bxf3 Qc1 31. Be4 h6 32. Re2 Rc5 33.
Qf3 Kf8 34. Qf6 Ke8 35. Rf2 Rc7 36. Qh8+ Ke7 37. Qf6+ Ke8 38. Qh8+ Kd7 39. Rxf7+ Kc8 40.
Rf8 Qd2+ 41. Kh3 Rd7 42. Rxd8+ Rxd8 43. Qf6 Rd7 44. Qxe6 Kc7 45. Qc6+ Kd8 46. e6 Rc7 47. Qd6+ Kc8 48. e7 Qe3 49. e8=Q# 1-0

[Event "*** Titled Tuesday Blitz"]
[Site "Chess.com"]
[Date "2021.04.06"]
[Round "4"]
[White "Alex_Molchanov"]
[Black "DanielTitichoca"]
[Result "1-0"]
[WhiteElo "2506"]
[BlackElo "2303"]
[TimeControl "180+1"]
[EndTime "10:40:32 PDT"]
[Termination "Alex_Molchanov won on time"]

1. e4 c5 2. Nf3 d6 3. Bb5+ Bd7 4. Bxd7+ Qxd7 5. O-O Nf6 6. Re1 Nc6 7. Nc3 g6 8. d3 Bg7 9. Bg5 O-O 10. Qd2 Rab8 11. Ne2 b5 12. Ng3 e5 13. h4 h5 14. Nh2 Nd4 15.
Ngf1 Nh7 16. Ne3 f5 17. c3 Ne6 18. Nd5 f4 19. Nf3 Nhxg5 20. hxg5 Qd8 21. d4 Nxg5 22. Nxg5 Qxg5 23. dxc5 dxc5 24. Kf1 h4 25. Qd3 Qg4 26. Qf3 Qxf3 27. gxf3 h3 28. Kg1 Kf7 29. Kh2 Rh8 30.
Rg1 Rh6 31. Rad1 Rb7 32. Rd2 Bf8 33. Rg5 Bd6 34. Nxf4 exf4 35. Rxd6 b4 36. c4 b3 37.
a3 a5 38. Rxc5 Re7 39. Rxa5 Rc7 40. c5 Rb7 41. c6 Rc7 42. Rad5 1-0

[Event "*** Titled Tuesday Blitz"]
[Site "Chess.com"]
[Date "2021.04.06"]
[Round "4"]
[White "Vandros57"]
[Black "korkmaz16"]
[Result "0-1"]
[WhiteElo "2213"]
[BlackElo "2432"]
[TimeControl "180+1"]
[EndTime "10:40:32 PDT"]
[Termination "korkmaz16 won on time"]

1. d4 d5 2. Nf3 Nf6 3. c4 e6 4.
Nc3 Be7 5. Bg5 O-O 6. e3 h6 7. Bxf6 Bxf6 8. Rc1 c6 9. Bd3 Nd7 10. O-O dxc4 11. Bxc4 e5 12. h3 exd4 13. exd4 Nb6 14.
Bb3 Bf5 15. Qd2 Qd7 16. Rfe1 Rad8 17. Qf4 Rfe8 18. Ne5 Bxe5 19. Rxe5 Be6 20. Bxe6 Rxe6 21. Rxe6 Qxe6 22. Qc7 Qd7 23. Qxd7 Rxd7 24. Rd1 f5 25. g3 Nd5 26. Ne2 Kf7 27. Kg2 g5 28. Kf3 Kf6 29. a3 h5 30. h4 g4+ 31. Kg2 f4 32. Nxf4 Nxf4+ 33. gxf4 Kf5 34. f3 Kxf4 35. fxg4 Kxg4 36. Kf2 Kxh4 37. Ke3 Kg4 38. Rg1+ Kf5 39. Rf1+ Ke6 40. Rh1 Rh7 41. Rh4 Kd5 42. Kd3 Rh6 43. b3 b6 44. a4 a5 45. Rf4 h4 46. Rf5+ Kd6 47. Rf2 h3 48. Rh2 Rh4 49. Ke3 Kd5 50. Kf3 Kxd4 51. Kg3 Rh6 52. Rd2+ Kc3 53. Rd1 Kxb3 0-1